 Dungeon Crawl Stone Soup version bcrawl-1.27.3 (webtiles) character file.

Game seed: 5844817743879695616

357421 funkygono the Destroyer (level 11, -1/64 HPs)
             Began as a Fairy Conjurer on Sept 3, 2020.
             Was a Believer of Vehumet.
             Slain by a thrashing horror (12 damage)
             ... in a Gauntlet.
             The game lasted 00:37:30 (10873 turns).

funkygono the Destroyer (Fairy Conjurer)           Turns: 10873, Time: 00:37:30

Health: -1/64      AC:  8    Str:  6    XL:     11   Next: 74%
Magic:  11/30      EV: 21    Int: 22    God:    Vehumet [**....]
Gold:   797        SH:  6    Dex: 13    Spells: 20/36 levels left

rFire    + . .     SeeInvis .   r - +3 dagger (elec)
rCold    x . .     Gourm    .   (shield restricted)
rNeg     + . .     Faith    .   (armour unavailable)
rPois    .         Spirit   .   (no helmet)
rElec    .         Reflect  .   (no cloak)
rCorr    .         Harm     .   (no gloves)
MR       +....     NoTele   +   l - +1 pair of boots {Stlth++}
Stlth    +.........             y - amulet of regeneration
HPRegen  0.53/turn              f - ring of fire
MPRegen  0.22/turn              q - ring of positive energy

@: flying evasively
A: small, magic attunement, unstealthy, unfitting armour, able to fly, AC/SH +6
a: Stop Flying, Renounce Religion


You were in a Gauntlet.
You worshipped Vehumet.
Vehumet was pleased with you.
You were near starving.

You visited 3 branches of the dungeon, and saw 11 of its levels.
You also visited: Gauntlet.

You collected 797 gold pieces.

Inventory:

Hand Weapons
 r - a +3 dagger of electrocution (weapon)
Armour
 l - a +1 pair of boots of stealth (worn)
Jewellery
 f - a ring of fire (left hand)
 p - an uncursed ring of resist corrosion
 q - a ring of positive energy (right hand)
 y - an amulet of regeneration (around neck)
 z - a +6 ring of strength
Wands
 m - a wand of paralysis (7)
 v - a wand of disintegration (11)
Scrolls
 c - 3 scrolls of identify
 g - 3 scrolls of amnesia
 i - 2 scrolls of immolation
 j - 6 scrolls of remove curse
 n - 6 scrolls of teleportation
 t - a scroll of vulnerability {unknown}
 u - 3 scrolls of blinking
 B - 2 scrolls of fog
Potions
 a - 2 potions of heal wounds
 b - 3 potions of magic
 d - 2 potions of agility
 h - 2 potions of haste
 k - a potion of curing
 s - 2 potions of mutation
 x - 2 potions of berserk rage {unknown}
 A - 2 potions of lignification
 C - a potion of cancellation {unknown}
 E - a potion of brilliance {unknown}
Comestibles
 e - 27 rations {!d}
 o - 4 chunks of flesh


   Skills:
 + Level 2.0 Fighting
 + Level 7.5 Dodging
 - Level 1.5 Stealth
 + Level 13.0 Spellcasting
 + Level 13.7 Conjurations
 * Level 8.5 Fire Magic


You had 20 spell levels left.
You knew the following spells:

 Your Spells              Type           Power        Failure   Level  Hunger
a - Magic Dart            Conj           ####         0%          1    None
b - Searing Ray           Conj           ######..     0%          2    None
c - Iskenderun's Mystic   Conj           ######..     1%          3    None
d - Flame Tongue          Conj/Fire      #####        1%          1    None
e - Bolt of Fire          Conj/Fire      #######...   1%          6    None
f - Shock                 Conj/Air       #####        1%          1    None
g - Throw Frost           Conj/Ice       #####.       1%          2    None

Your spell library contained the following spells:

 Spells                   Type           Power        Failure   Level  Hunger
 Flaming Arrows           Chrm/Fire      #####...     1%          2    None
 Conjure Flame            Conj/Fire      #######.     1%          3    None
 Fulminant Prism          Conj/Hex       #####.....   1%          4    None
 Irradiate                Conj/Tmut      #####.....   2%          5    None
 Blink Other              Tloc           ##....       4%          1    None
 Infusion                 Chrm           ##......     4%          1    None
 Song of Slaying          Chrm           ##......     7%          2    None
 Ozocubu's Armour         Chrm/Ice       ##......     13%         3    None
 Regeneration             Chrm/Necr      ##........   13%         3    None
 Spectral Weapon          Hex/Chrm       ##......     13%         3    None
 Steam Barrier            Chrm/Fire      #####.....   75%         6    None
 Summon Forest            Summ/Tloc      ##........   77%         5    None


Dungeon Overview and Level Annotations

Branches:
Dungeon (9/12)             Temple (1/1) D:6            Lair (1/6) D:9
    Orc (0/1) D:9

Altars:
Ashenzari
Cheibriados
Dithmenos
Elyvilon
Fedhas
Gozag
Hepliaklqana
Kikubaaqudgha
Lugonu
Makhleb
Nemelex Xobeh
Okawaru
Qazlal
Ru
Sif Muna
Trog
Uskayaw
Vehumet
Wu Jian
Xom
Yredelemnul
Zin
The Shining One

Shops:
D:4 [   D:7 }   D:8 !   D:9 !

Annotations:
Gauntlet 13 transporters


Innate Abilities, Weirdness & Mutations

Your spells do not cause hunger and MP costs are reduced by 1.
Your bright wings attract enemies. (Stealth-)
You cannot fit into any form of body armour.
Your shimmering scales are hard and can block incoming attacks. (AC +6, SH +6)
You are small and have problems with some larger weapons.
You can fly continuously.


Message History

The thrashing horror tramples you!
You hold your ground!
The thrashing horror misses you. The thrashing horror tramples you!
You hold your ground!
You block the thrashing horror's attack.
You block the small abomination's attack.
Casting: Bolt of Fire (safe; 1% risk of failure)
Confirm with . or Enter, or press ? or * to list all spells.
Aiming: Bolt of Fire (safe; 1% risk of failure)
Press: ? - help, Shift-Dir - straight line, f/p - thrashing horror
Aim: a thrashing horror (almost destroyed)
You feel a surge of power!
The bolt of fire misses the thrashing horror.
The thrashing horror barely misses you. x2
The thrashing horror completely misses you.
You block the thrashing horror's attack.
The thrashing horror tramples you!
* * * LOW HITPOINT WARNING * * *
You hold your ground!
The thrashing horror misses you. The thrashing horror tramples you!
You die...

8.........#.#.ss#.....#.#........
..........#.#sy#s....!#.#........
..#########.###########.#########
..#©........#.........#........©#
###########.###########.#########
.)=©....#.#.#.........#.#.#t.....
#.....#.#.#.#...###...#.#.#...###
##...##.#.#.#..xX#...!#.#.#....#.
.#####..#.#.#.#X@# .#[#.#.#.#..#©
.[÷©....#.#©#.######.©#©#.#.#####
.##.##..#.###.#..#..#[###.#.#..#.
##...##.#...#....#....#...#....#.
#.....#.#...#...###...#...#...#.#
........#...#.........#...#t.).©=
#########...###########...#######
...©.............................
∩.........⌠.............⌠........


You could see a wolf spider, a moth of wrath, 2 thrashing horrors, a redback and
a small abomination.

Vanquished Creatures
  A tengu warrior (D:8)
  A skeletal warrior (D:9)
  A cyclops (D:9)
  A guardian serpent (shapeshifter) (D:9)
  A manticore (D:7)
  2 komodo dragons
  A troll (D:7)
  Prince Ribbit (D:5)
  5 slime creatures (D:9)
  A raiju (Gauntlet)
  4 wyverns (D:9)
  Sigmund (D:3)
  A small abomination (Gauntlet)
  3 basilisks
  A steam dragon (Gauntlet)
  A hungry ghost (D:9)
  An acid dragon (D:9)
  2 water moccasins
  2 crocodiles
  A porcupine (Lair:1)
  3 orc warriors
  3 sky beasts
  A swamp drake (D:9)
  2 phantoms
  2 black bears (D:8)
  5 ogres
  An eye of draining (D:8)
  4 centaurs
  7 bullfrogs
  4 big kobolds
  2 scorpions
  10 killer bees (D:9)
  4 wights (D:5)
  3 howler monkeys (D:9)
  A bullfrog zombie (D:5)
  5 crimson imps
  A quasit (D:9)
  3 hounds
  2 jellies
  A bullfrog skeleton (D:4)
  6 orc priests
  Jessica (D:3)
  Ijyb (D:3)
  3 iguanas
  3 orc wizards
  3 worker ants
  A killer bee zombie (D:7)
  A hound zombie (D:7)
  2 hound skeletons
  A worker ant zombie (D:4)
  7 adders
  5 gnolls
  2 shadow imps (D:7)
  3 oozes
  An adder skeleton (D:5)
  4 worms
  5 dart slugs
  7 leopard geckos
  34 orcs
  3 ball pythons
  10 bats
  8 giant cockroaches
  5 goblins
  9 hobgoblins
  8 jackals
  3 quokkas
  7 frilled lizards
  21 kobolds
  5 rats
265 creatures vanquished.

Notes
Turn   | Place    | Note
-------+----------+-------------------------------------------
     0 | D:1      | funkygono the Fairy Conjurer began the quest for the Orb.
     0 | D:1      | Reached XP level 1. HP: 11/11 MP: 6/6
    43 | D:1      | Reached skill level 5 in Conjurations
    54 | D:1      | Reached XP level 2. HP: 17/17 MP: 7/7
    58 | D:1      | Learned a level 2 spell: Searing Ray
   275 | D:1      | Reached XP level 3. HP: 16/21 MP: 9/9
   280 | D:1      | Learned a level 3 spell: Iskenderun's Mystic Blast
  1002 | D:2      | Reached XP level 4. HP: 27/27 MP: 3/10
  1540 | D:2      | Found a hide-covered altar of Uskayaw.
  2080 | D:3      | Noticed Sigmund
  2085 | D:3      | Killed Sigmund
  2085 | D:3      | Reached XP level 5. HP: 31/31 MP: 5/13
  2085 | D:3      | Reached XP level 6. HP: 36/36 MP: 5/14
  2268 | D:3      | Reached skill level 5 in Spellcasting
  2332 | D:3      | Noticed Ijyb
  2341 | D:3      | Killed Ijyb
  2709 | D:3      | Noticed Jessica
  2711 | D:3      | Killed Jessica
  2711 | D:3      | Reached XP level 7. HP: 41/41 MP: 14/17
  2712 | D:3      | Found an iron altar of Okawaru.
  3565 | D:4      | Found Vetwageu's Armour Emporium.
  3594 | D:5      | Entered Level 5 of the Dungeon
  3718 | D:5      | Found a shadowy altar of Dithmenos.
  3778 | D:5      | Reached XP level 8. HP: 32/46 MP: 11/20
  3985 | D:5      | Found an ornate altar of the Wu Jian Council.
  3986 | D:5      | Found a glowing silver altar of Zin.
  3997 | D:5      | Found a white marble altar of Elyvilon.
  4162 | D:5      | Noticed Prince Ribbit
  4171 | D:5      | Killed Prince Ribbit
  4171 | D:5      | Reached skill level 10 in Conjurations
  4408 | D:5      | Reached XP level 9. HP: 52/52 MP: 13/24
  4561 | D:6      | Found a staircase to the Ecumenical Temple.
  4569 | Temple   | Entered the Ecumenical Temple
  5159 | D:6      | Found a hazy altar of Hepliaklqana.
  5198 | D:6      | Reached skill level 5 in Dodging
  5643 | D:6      | Found a snail-covered altar of Cheibriados.
  5677 | D:6      | Reached skill level 10 in Spellcasting
  6007 | D:7      | Found Ugiutil's Gadget Shoppe.
  6110 | D:7      | Noticed a manticore
  6118 | D:7      | Killed a manticore
  6201 | D:7      | Reached skill level 1 in Fighting
  6512 | D:7      | Found a radiant altar of Vehumet.
  6512 | D:7      | Found a basalt altar of Yredelemnul.
  6515 | D:7      | Became a worshipper of Vehumet
  6710 | D:7      | Noticed a troll
  6716 | D:7      | Killed a troll
  6716 | D:7      | Reached XP level 10. HP: 22/58 MP: 19/27
  6935 | D:7      | Found a shimmering altar of Xom.
  6935 | D:7      | Found a burning altar of Makhleb.
  7001 | D:7      | Identified 2 scrolls of acquirement
  7001 | D:7      | Identified the ring of Neim {rC+ Str+3} (You acquired it on
                  | level 7 of the Dungeon)
  7011 | D:7      | Identified the +7 fustibalus "Hata" {speed, rElec Dex+2}
                  | (You acquired it on level 7 of the Dungeon)
  7011 | D:7      | Identified the +0 hat of Resourcefulness {rF+} (You
                  | acquired it on level 7 of the Dungeon)
  7011 | D:7      | Identified the amulet of Ariaf {RegenMP Dex+3} (You
                  | acquired it on level 7 of the Dungeon)
  7011 | D:7      | Identified the Compendium of the Flamy Traveller (You
                  | acquired it on level 7 of the Dungeon)
  7017 | D:7      | Learned a level 1 spell: Flame Tongue
  7024 | D:7      | Learned a level 6 spell: Bolt of Fire
  7087 | D:8      | Noticed a tengu warrior
  7098 | D:8      | Killed a tengu warrior
  7098 | D:8      | Reached skill level 1 in Fire Magic
  7364 | D:8      | Found a sparkling altar of Nemelex Xobeh.
  7480 | D:8      | Found Duicikoqi's Distillery.
  7847 | D:9      | Noticed a cyclops
  7865 | D:9      | Killed a cyclops
  7954 | D:9      | Reached * piety under Vehumet
  7954 | D:9      | Offered knowledge of Shock by Vehumet.
  7957 | D:9      | Learned a level 1 spell: Shock
  8264 | D:9      | Reached skill level 5 in Fire Magic
  8277 | D:9      | Reached XP level 11. HP: 47/64 MP: 5/29
  8374 | D:9      | Found a staircase to the Orcish Mines.
  8596 | D:9      | Reached ** piety under Vehumet
  8596 | D:9      | Noticed a skeletal warrior
  8776 | D:9      | Offered knowledge of Throw Frost by Vehumet.
  8867 | D:9      | Found Voexal's Distillery.
  8924 | D:9      | Found a corrupted altar of Lugonu.
  9157 | D:9      | Killed a skeletal warrior
  9414 | D:9      | Found a staircase to the Lair.
  9699 | D:9      | Learned a level 2 spell: Throw Frost
  9779 | Lair:1   | Entered Level 1 of the Lair of Beasts
 10096 | Lair:1   | Found a gate leading to a gauntlet.
 10132 | Gauntlet | Entered a Gauntlet
 10132 | Gauntlet | Found a transporter.
 10132 | Gauntlet | Found a transporter.
 10136 | Gauntlet | Found a transporter.
 10136 | Gauntlet | Found a transporter.
 10151 | Gauntlet | Found a transporter.
 10173 | Gauntlet | Found a transporter.
 10242 | Gauntlet | Found a transporter.
 10256 | Gauntlet | Found a transporter.
 10269 | Gauntlet | Found a transporter.
 10287 | Gauntlet | Noticed a ghost crab
 10288 | Gauntlet | Found a transporter.
 10372 | Gauntlet | Noticed a thrashing horror
 10374 | Gauntlet | Found a transporter.
 10381 | Gauntlet | Found a transporter.
 10384 | Gauntlet | Found a transporter.
 10384 | Gauntlet | Noticed a ghost crab
 10418 | Gauntlet | Noticed a thrashing horror
 10463 | Gauntlet | Found a transporter.
 10476 | Gauntlet | Noticed a moth of wrath
 10479 | Gauntlet | Found a transporter.
 10490 | Gauntlet | Noticed a wolf spider
 10494 | Gauntlet | Found a transporter.
 10873 | Gauntlet | Slain by a thrashing horror

Skill      XL: |  1  2  3  4  5  6  7  8  9 10 11 |
---------------+----------------------------------+-----
Conjurations   | 5 6 7 8 9 10 12 13 | 13.7
Spellcasting   | 3 4 5 6 9 11 12 13 | 13.0
Dodging        | 3 4 5 6 7 |  7.5
Fighting       | 1 2 |  2.0
Fire Magic     | 5 8 |  8.5
Stealth        | |  1.5

Action                   |  1- 3 |  4- 6 |  7- 9 | 10-12 || total
-------------------------+-------+-------+-------+-------++-------
Melee: Dagger            |       |       |     1 |     2 ||     3
 Cast: Magic Dart        |    45 |    54 |   100 |    67 ||   266
       Searing Ray       |     6 |    21 |    38 |    30 ||    95
       Iskenderun's Myst |     3 |    10 |    26 |    29 ||    68
       Flame Tongue      |       |       |       |    58 ||    58
       Bolt of Fire      |       |       |       |    53 ||    53
Evoke: Wand              |       |       |       |     1 ||     1
  Use: Scroll            |     4 |     1 |     9 |     7 ||    21
       Potion            |       |       |       |     2 ||     2
  Eat: Chunk             |       |     7 |    10 |    14 ||    31
       Ration            |       |       |     1 |       ||     1
Armor: Skin              |     3 |     3 |     7 |    22 ||    35
Dodge: Dodged            |    12 |    20 |    61 |   129 ||   222
Block: Other             |     3 |    11 |    29 |    50 ||    93
